 Dungeon Crawl Stone Soup version 0.32-a0-540-g866d13106e (webtiles) character file.

Game seed: 2397232963560335183

227 boberto the Trooper (level 5, -4/43 HPs)
             Began as a Demonspawn Chaos Knight on Feb 28, 2024.
             Was a Plaything of Xom.
             Slain by a hornet (5 damage)
             ... on level 4 of the Dungeon.
             The game lasted 00:04:29 (1911 turns).

boberto the Trooper (Demonspawn Chaos Knight)       Turns: 1911, Time: 00:04:30

Health: -4/43      AC:  5    Str: 10 (12) XL:     5   Next: 70%
Magic:  5/5        EV: 11    Int: 10 (13) God:    Xom [..*...]
Gold:   180        SH:  0    Dex: 11 (14) Spells: 4/4 levels left

rFire   . . .        a - +0 falchion (chaos)
rCold   . . .        (no shield)
rNeg    . . .        b - +2 leather armour
rPois   .            (no helmet)
rElec   .            (no cloak)
rCorr   .            (no gloves)
SInv    .            (no boots)
Will    .....        (no amulet)
Stlth   ++           (no ring)
HPRegen 0.27/turn    (no ring)
MPRegen 0.09/turn

%: no passive effects
@: lethally poisoned (-4 -> -7), slowed, very slow
A: spiny 1, weakness stinger 1, demonic touch 2
a: Renounce Religion


You were on level 4 of the Dungeon.
You worshipped Xom.
You were a toy of Xom.
You visited 1 branch of the dungeon, and saw 4 of its levels.

You collected 180 gold pieces.

Inventory:

Hand Weapons
 a - a +0 falchion of chaos (weapon)
Missiles
 i - 5 poisoned darts (quivered)
 o - 13 boomerangs
Armour
 b - a +2 leather armour (worn)
 m - a +0 scale mail
Jewellery
 h - a ring of ice
Scrolls
 c - a scroll of butterflies
 e - a scroll of teleportation {unknown}
 k - a scroll of fog {unknown}
 n - a scroll of vulnerability {unknown}
 r - a scroll of identify {unknown}
Potions
 d - a potion of degeneration
 f - a potion of cancellation {unknown}
 g - 2 potions of curing {unknown}
 j - a potion of mutation {unknown}
 l - a potion of brilliance {unknown}
 p - a potion of heal wounds {unknown}
 q - a potion of haste {unknown}
 s - a potion of ambrosia {unknown}


   Skills:
 + Level 4.4 Fighting
 + Level 4.0 Long Blades
 - Level 1.8 Armour
 - Level 1.0 Dodging
 + Level 2.9 Stealth


You had 4 spell levels left.
You didn't know any spells.
Your spell library contained the following spells:

 Spells                   Type           Power      Damage    Failure   Level
 Summon Forest            Summ/Tloc      0%         N/A       100%        5
 Eringya's Noxious Bog    Alch           0%         4d6       100%        6
 Summon Hydra             Summ           0%         N/A       100%        7


Dungeon Overview and Level Annotations

Branches:
Dungeon (4/15)
 Temple: D:4-7

Altars:
Wu Jian

Shops:
D:2 (


Innate Abilities, Weirdness & Mutations

You are partially covered in sharp spines.
You have a small tail.
Your touch may inflict irresistible damage on your foes.


Message History

Found a stone staircase leading up.
You now have 180 gold pieces (gained 12).
A hornet comes into view.
Danger: hornet |T2| Reason: OOD monster, careful!
A hornet is nearby!
A hornet is nearby!
A hobgoblin comes into view.
The hobgoblin shouts!
The hornet buzzes angrily.
You hit the hornet but do no damage. The hornet stings you.
You are poisoned.
You feel yourself slow down. The hornet is struck by your spines.
The hornet misses you.
You barely miss the hornet.
The hornet is lightly wounded.
You feel very sick.
The hornet stings you but does no damage.
The hornet is struck by your spines. The hornet stings you.
You feel as though you will be slow longer.
You barely miss the hornet.
You touch the hornet!
The hornet is moderately wounded.
You feel sick. The hornet stings you!
You feel as though you will be slow longer.
The hornet stings you!
* * * LOW HITPOINT WARNING * * *
You feel as though you will be slow longer.
The hornet stings you!
You die... "NOOOOOOO, not my toy!"
Xom revives you!
You feel as though you will be slow longer.
Danger: Low HP Warning |T3| Reason: 2% HP (1/43) It was a potion of degeneration.
There was something very wrong with that liquid.
You feel weakened.
You feel dopey.
You feel clumsy.
Xom thinks this is hilarious!
* * * LOW HITPOINT WARNING * * *
You feel sick. The hornet stings you.
You die...
Xom giggles madly!

######### ...<....##
.........## ######....##
##....########
##............
###.............
#########...............
#....gy@......<..####...
.....######..>...##.....
... #.........)... .
#..........###
#...#....### #..####..##
#..## #..# .## ##.# #.


You could see a hornet and a hobgoblin.

Vanquished Creatures
  A scorpion (D:4)
  A sleepcap (D:4)
  An orc wizard (D:3)
  3 adders
  2 dart slugs
  A ribbon worm (D:2)
  5 orcs (D:3)
  7 ball pythons
  6 bats
  8 endoplasms
  3 giant cockroaches
  11 goblins
  5 hobgoblins
  2 jackals (D:2)
  4 kobolds
  A quokka (D:2)
  A frilled lizard (D:1)
  11 rats
73 creatures vanquished.

Vanquished Creatures (collateral kills)
  A dart slug (D:1)
1 creature vanquished.

Grand Total: 74 creatures vanquished

Notes
Turn   | Place    | Note
-------+----------+-------------------------------------------
     0 | D:1      | boberto the Demonspawn Chaos Knight began the quest for the
                  | Orb.
     0 | D:1      | Reached XP level 1. HP: 18/18 MP: 1/1
    27 | D:1      | Reached skill level 1 in Dodging
   122 | D:1      | XOM: silly message
   127 | D:1      | Discovered your monstrous ancestry.
   127 | D:1      | Gained mutation: Your touch may inflict minor irresistible
                  | damage on your foes. [demonic ancestry]
   127 | D:1      | Reached XP level 2. HP: 23/24 MP: 2/2
   287 | D:1      | Reached skill level 1 in Stealth
   748 | D:2      | Found Temouleula's Weapon Boutique.
   762 | D:2      | Gained mutation: You are partially covered in sharp spines.
                  | [demonic ancestry]
   762 | D:2      | Reached XP level 3. HP: 29/29 MP: 3/3
   802 | D:2      | Found an ornate altar of the Wu Jian Council.
   927 | D:2      | XOM: silly message
   999 | D:2      | Found a faded altar of an unknown god.
  1012 | D:2      | XOM: potion effect (might)
  1090 | D:2      | Gained mutation: Your touch may inflict irresistible damage
                  | on your foes. [demonic ancestry]
  1090 | D:2      | Reached XP level 4. HP: 37/37 MP: 4/4
  1423 | D:3      | XOM: divination: magic mapping
  1525 | D:3      | XOM: divination: magic mapping
  1568 | D:3      | XOM: silly message
  1579 | D:3      | XOM: silly message
  1645 | D:3      | XOM: silly message
  1721 | D:3      | Gained mutation: You have a small tail. [demonic ancestry]
  1721 | D:3      | Reached XP level 5. HP: 42/42 MP: 5/5
  1759 | D:3      | You fall into a shaft and drop 1 floor!
  1885 | D:4      | XOM: silly message
  1904 | D:4      | Noticed a hornet
  1910 | D:4      | Xom revived you
  1911 | D:4      | HP: 1/43 [poisoned by a hornet]
  1911 | D:4      | Slain by a hornet

Illustrated notes

Levels and vault maps discovered:
D:1:      ncdulo_lavacross, layout_loops_ring
D:2:      minmay_alternating_diamond, layout_rooms, basic_altar, serial_shops,
          shop, ebering_ecumenical_altar_sacrificial,
          minmay_randomly_rotated_circles
D:3:      layout_loops_corners, serial_shops, shop
D:4:      minmay_recursive_quarters, layout_layer_cave, minmay_misc_feat_tiny,
          minmay_unequal

Skill      XL: |  1  2  3  4  5 |
---------------+----------------+-----
Dodging        | 1 |  1.0
Long Blades    | 3 4 |  4.0
Stealth        | 1 2 |  2.9
Fighting       | 4 |  4.4
Armour         | |  1.8

Action                     |  1- 3 |  4- 6 || total
---------------------------+-------+-------++-------
  Melee: Falchion          |    72 |    47 ||   119
         Touch             |     6 |    10 ||    16
         Tailslap          |       |     4 ||     4
    Use: Potion            |       |     1 ||     1
   Stab: Sleeping          |     2 |     5 ||     7
         Petrifying        |     1 |     2 ||     3
         Petrified         |       |     1 ||     1
 Armour: Leather armour    |    39 |    27 ||    66
  Dodge: Dodged            |    31 |    16 ||    47

Table legend: (Time is in decaauts)
 A = Elapsed time spent in this place.
 B = Non-inter-level travel time spent in this place.
 C = Inter-level travel time spent in this place.
 D = Time resting spent in this place.
 E = Time spent auto-exploring this place.
 F = Levels seen in this place.
 G = Mean time per level.
                   A        B        C        D        E       F      G
               +--------+--------+--------+--------+--------+-----+--------+
         Total |   1928 |   1900 |     28 |      0 |   1455 |   4 |  482.0 |
       Dungeon |   1928 |   1900 |     28 |      0 |   1455 |   4 |  482.0 |
               +--------+--------+--------+--------+--------+-----+--------+

Top non-repeatable levels by time:
     D:1: 754 daAuts
     D:2: 600 daAuts
     D:3: 418 daAuts
     D:4: 154 daAuts
